 Dungeon Crawl Stone Soup version 0.31.0-11-ge490571c62 (webtiles) character file.

Game seed: 14563129695573824926

74 Bobbunny the Sneak (level 4, 0/38 HPs)
             Began as a Formicid Delver on Feb 3, 2024.
             Killed from afar by an orc wizard (7 damage)
             ... with a puff of flame
             ... on level 3 of the Dungeon.
             The game lasted 00:00:57 (298 turns).

Bobbunny the Sneak (Formicid Delver)                 Turns: 298, Time: 00:00:58

Health: 0/38       AC:  3    Str: 18    XL:     4   Next: 52%
Magic:  4/4        EV: 12    Int: 10    God:
Gold:   38         SH:  0    Dex: 15    Spells: 3/3 levels left

rFire   . . .        a - +0 hand axe
rCold   . . .        (no shield)
rNeg    . . .        b - +0 leather armour
rPois   .            (helmet unavailable)
rElec   .            (no cloak)
rCorr   .            (no gloves)
SInv    +            (no boots)
Will    .....        (no amulet)
Stlth   +++          (no ring)
HPRegen 0.26/turn    (no ring)
MPRegen 0.09/turn

%: no passive effects
@: no status effects
A: permanent stasis, dig shafts and tunnels, antennae 3, four strong arms
a: Dig, Shaft Self


You were on level 3 of the Dungeon.
You visited 1 branch of the dungeon, and saw 3 of its levels.

You collected 38 gold pieces.

Inventory:

Hand Weapons
 a - a +0 hand axe (weapon)
Armour
 b - a +0 leather armour (worn)
Wands
 f - a wand of digging (3)
 i - a wand of charming (1)
 j - a wand of polymorph (11)
Scrolls
 c - a scroll of fog
 d - a scroll of revelation
 e - a scroll of fear
 g - 2 scrolls of identify {unknown}
 h - a scroll of amnesia {unknown}
 k - a scroll of summoning {unknown}
 l - a scroll of silence {unknown}


   Skills:
 + Level 4.5 Fighting
 + Level 3.3 Axes
 - Level 1.7 Dodging
 - Level 6.0 Stealth


You had 3 spell levels left.
You didn't know any spells.
Your spell library contained the following spells:

 Spells                   Type           Power      Damage    Failure   Level
 Gell's Gravitas          Tloc           0%         N/A       80%         3
 Teleport Other           Tloc           0%         N/A       80%         3
 Dispersal                Tloc           0%         N/A       100%        6


Dungeon Overview and Level Annotations

Branches:
Dungeon (5/15)
 Temple: D:4-7

Altars:
Zin


Innate Abilities, Weirdness & Mutations

You cannot be hasted, slowed, berserked, paralysed or teleported.
You can dig through walls and to a lower floor.
You have a pair of large antennae on your head. (SInv)
Your four strong arms can wield two-handed weapons with a shield.


Message History

The orc shouts!
The orc wizard hits you with a +0 dagger.
The endoplasm misses you.
The orc shouts!
You hit the orc wizard.
The orc wizard is almost dead.
You barely miss the endoplasm.
The orc wizard hits you with a +0 dagger.
The endoplasm freezes you.
You are frozen.
You barely miss the orc wizard.
The orc wizard is almost dead.
You hit the orc but do no damage. You hit the endoplasm.
The orc wizard points at you and mumbles some strange words.
The puff of flame misses you. The endoplasm freezes you.
You are frozen.
You barely miss the orc wizard.
The orc wizard is almost dead.
You hit the orc. You completely miss the endoplasm.
The orc hits you with a +0 dagger. The orc wizard closely misses you.
The endoplasm freezes you.
You are frozen.
You are too injured to fight recklessly!
You are too injured to fight recklessly!
You are too injured to fight recklessly!
You closely miss the orc wizard.
The orc wizard is almost dead.
You hit the orc but do no damage. x2; You hit the endoplasm.
You kill the endoplasm!
The orc hits you with a +0 flail. The orc wizard closely misses you.
The orc closely misses you.
You hit the orc wizard.
The orc wizard is almost dead.
You hit the orc. You hit the orc but do no damage.
The orc hits you with a +0 flail.
* * * LOW HITPOINT WARNING * * *
The orc wizard points at you and mumbles some strange words.
The puff of flame hits you!
You die...

########.#
####>........
+......####.
####.#.# # #
#.#.# .###.#
#.#.####......
#.#...oo..#
#.#...@o..#
#.....)!..#
{########...#
...# ....
.##.. # .


You could see an orc wizard and 2 orcs.

Vanquished Creatures
  An adder (D:5)
  2 orcs
  A ball python (D:4)
  An endoplasm (D:3)
5 creatures vanquished.

Vanquished Creatures (collateral kills)
  A scorpion (D:5)
1 creature vanquished.

Vanquished Creatures (others)
  A hound (D:5)
1 creature vanquished.

Grand Total: 7 creatures vanquished

Notes
Turn   | Place    | Note
-------+----------+-------------------------------------------
     0 | D:5      | Bobbunny the Formicid Delver began the quest for the Orb.
     0 | D:5      | Reached XP level 1. HP: 18/18 MP: 1/1
    21 | D:5      | Noticed a phantom
    78 | D:5      | Found a glowing silver altar of Zin.
    93 | D:5      | Noticed a hound
   106 | D:5      | Noticed a scorpion
   122 | D:5      | Killed a scorpion
   123 | D:5      | Reached XP level 2. HP: 26/26 MP: 2/2
   123 | D:5      | Reached XP level 3. HP: 31/31 MP: 3/3
   123 | D:5      | Reached XP level 4. HP: 38/38 MP: 4/4
   278 | D:4      | Noticed a scorpion
   298 | D:3      | Killed from afar by an orc wizard

Illustrated notes

Levels and vault maps discovered:
D:3:      layout_basic, marbit_many_paths, kiku_gazebo_pond_becter, uniq_sigmund
D:4:      layout_basic
D:5:      layout_basic, mainiacjoe_overflow_six_doors_small,
          general_overflow_altar, minmay_crystal_room, serial_bayou_pond_e,
          kennysheep_cross_room, kennysheep_generic_room_6

Skill      XL: |  1 |
---------------+----+-----
Fighting       | 4 |  4.5
Axes           | 3 |  3.3
Dodging        | |  1.7
Stealth        | |  6.0

Action                     |  1- 3 |  4- 6 || total
---------------------------+-------+-------++-------
  Melee: Hand axe          |       |    15 ||    15
  Evoke: Wand              |     2 |       ||     2
   Stab: Sleeping          |       |     3 ||     3
 Armour: Leather armour    |     1 |    12 ||    13
  Dodge: Dodged            |       |     8 ||     8
